 Dungeon Crawl Stone Soup version 0.23-a0-14-g8c9a20f (webtiles) character file.

30 jjfam the Shield-Bearer (level 3, 17/34 HPs)
             Began as a Deep Dwarf Fighter on Aug 2, 2018.
             Quit the game on level 1 of the Dungeon on Aug 3, 2018.
             The game lasted 00:02:01 (588 turns).

jjfam the Shield-Bearer (Deep Dwarf Fighter)         Turns: 588, Time: 00:02:01

Health: 17/34      AC:  6    Str: 20    XL:     3   Next: 5%
Magic:  3/3        EV:  7    Int:  8    God:
Gold:   72         SH:  9    Dex: 12    Spells: 2/2 levels left

rFire    . . .     SeeInvis .   a - +0 war axe
rCold    . . .     Gourm    .   c - +0 shield
rNeg     . . .     Faith    .   b - +0 scale mail
rPois    .         Spirit   .   (no helmet)
rElec    .         Reflect  .   (no cloak)
rCorr    .         Harm     .   (no gloves)
MR       .....                  (no boots)
Stlth    ..........             (no amulet)
HPRegen  0.00/turn              (no ring)
MPRegen  0.08/turn              (no ring)

@: non-regenerating
A: damage resistance, heal wounds, sense surroundings 1, no regeneration
a: Heal Wounds


You were on level 1 of the Dungeon.
You were not hungry.

You visited 1 branch of the dungeon, and saw 1 of its levels.

You collected 72 gold pieces.

Inventory:

Hand Weapons
 a - a +0 war axe (weapon)
Armour
 b - a +0 scale mail (worn)
 c - a +0 shield (worn)
Scrolls
 g - a scroll of random uselessness {unknown}
 j - a scroll of enchant weapon {unknown}
 k - a scroll of identify {unknown}
 l - a scroll of fog {unknown}
Potions
 d - a potion of might
 e - a potion of haste {unknown}
 i - a potion of heal wounds {unknown}
Comestibles
 f - a ration
 h - 5 chunks of flesh


   Skills:
 + Level 3.1 Fighting
 + Level 2.3 Axes
 + Level 3.6 Armour
 + Level 3.8 Shields


You had 2 spell levels left.
You didn't know any spells.
Your spell library was empty.

Dungeon Overview and Level Annotations

Branches:
Dungeon (1/15)

Altars:


Innate Abilities, Weirdness & Mutations

You are resistant to damage.
You can heal yourself by infusing magical energy.
You passively map a small area around you.
You do not regenerate.


Message History

A goblin is nearby!
A goblin is nearby!
You miss the goblin. The goblin hits you but does no damage.
You closely miss the goblin. The goblin hits you.
The goblin hits you but does no damage.
You closely miss the goblin. The goblin closely misses you.
You closely miss the goblin. The goblin hits you. x2
You are too injured to fight recklessly!
You are too injured to fight recklessly!
You are too injured to fight recklessly!
You are too injured to fight recklessly!
You are too injured to fight recklessly!
You hit the goblin.
You kill the goblin!
You see here a goblin corpse.
Welcome back, jjfam the Deep Dwarf Fighter.
Press ? for a list of commands and other information.
Quiver which item? (- for none, * to show all) (? for menu, Esc to quit)
Okay, then.
Are you sure you want to abandon this character and quit the game? (Confirm with "yes".)

......#....#...#
.######....#...#
##........##...# #.
....####### ...# #.
..### #.# ###, ,
#.# ,, , ## #.# ,
#.####.## * * ,,, *
,#@.....# , , * *
#.##....# , **# #
#. #.##.# ### .#.##
#.*#.##.# #.#
###....#**#.*#.##.#
#.###....#... ..
#.##.# .(..(......#
*## #.##.#
#(###.#...## #.##.#
#(###.# .## #....#


There were no monsters in sight!

Vanquished Creatures
  2 leopard geckos (D:1)
  2 giant cockroaches (D:1)
  6 goblins (D:1)
  6 hobgoblins (D:1)
  A bat (D:1)
  A frilled lizard (D:1)
  3 kobolds (D:1)
  6 rats (D:1)
27 creatures vanquished.

Notes
Turn   | Place    | Note
-------+----------+-------------------------------------------
     0 | D:1      | jjfam the Deep Dwarf Fighter began the quest for the Orb.
     0 | D:1      | Reached XP level 1. HP: 20/20 MP: 1/1
   205 | D:1      | Reached XP level 2. HP: 26/28 MP: 2/2
   536 | D:1      | Reached XP level 3. HP: 20/34 MP: 3/3
   588 | D:1      | Quit the game

Vault maps used:
D:1:      dpeg_arrival_circle_labyrinth_c

Skill      XL: |  1 |
---------------+----+-----
Fighting       | 3 |  3.1
Axes           | |  2.3
Armour         | |  3.6
Shields        | |  3.8

Action                   || total
-------------------------++-------
Melee: War axe           ||    68
Armor: Scale mail        ||    18
Dodge: Dodged            ||    22
Block: Shield            ||    29

Table legend:
 A = Spawn XP
 B = Non-spawn XP
 C = Spawn XP percentage of total XP
 D = Spawn monster count
 E = Non-spawn monster count
 F = Spawn count percentage of total count
 G = Total turns spent on level
                    A         B        C        D         E        F      G
               +---------+---------+-------+---------+---------+-------+---------
         Total |       0 |      44 |   0.0 |       0 |      27 |   0.0 |   588
               +---------+---------+-------+---------+---------+-------+---------
           D:1 |       0 |      44 |   0.0 |       0 |      27 |   0.0 |   588
               +---------+---------+-------+---------+---------+-------+---------
